AoeStats
← Gaa

Nomad

520166754Analyzed
4v4 RM · 6d ago on Nov 10, 2026· 26m 50s· 8 players
Game mode
Random Map
Map size
231×231
Population
200
Speed
Normal
Resources
Standard
Victory
Conquest
Starting age
Dark Age
Ending age
Imperial Age
RankedLock teamsTeams togetherTeam positionsShared explorationLock speedFull tech treeHidden civsTurbo modeCheats
Victory
Defeat
🇺🇾 Mongols · Uruguay
1374
+8
🇨🇱 Lithuanians · Chile
1306
+10
🇦🇷 Sicilians · Argentina
1119
+16
🇸🇪 Khmer · Sweden
1018
+18
vs
🇹🇼 Celts · Taiwan
1172
-14
🇦🇷 Khmer · Argentina
1144
-13
🇨🇦 Mongols · Canada
1127
-13
🇹🇼 Japanese · Taiwan
1119
-12
Skyr
4:39 Loom
14:27 Feudal Age
16:10 Double-Bit Axe
18:12 Fletching
18:23 Padded Archer Armor
20:13 Horse Collar
21:06 Forging
21:39 Scale Mail Armor
24:16 Arson
24:55 Gold Mining
Dark_Knight
9:26 Loom
15:40 Feudal Age
17:09 Fishing Lines
18:35 Town Watch
21:32 Castle Age
19:21 Double-Bit Axe
20:11 Fletching
20:27 Gold Mining
21:27 Padded Archer Armor
22:27 Bow Saw
Sad Village
5:31 Loom
15:08 Feudal Age
yeat67chromeheartslabubu
12:53 Loom
15:16 Feudal Age
19:56 Castle Age
24:08 Husbandry
25:20 Scale Barding Armor
Gaa
4:59 Loom
14:48 Feudal Age
18:22 Castle Age
17:02 Double-Bit Axe
19:17 Bow Saw
19:20 Medium Warships
20:33 Horse Collar
21:06 Fishing Lines
22:58 Gillnets
Eljetty22
13:36 Feudal Age
Archaison
7:30 Loom
12:23 Feudal Age
13:54 Double-Bit Axe
14:59 Fishing Lines
15:59 Gold Mining
16:41 Horse Collar
21:21 Castle Age
21:41 Bloodlines
22:44 Wheelbarrow
22:47 Gold Shaft Mining
23:16 Husbandry
23:59 Bow Saw
PESCADO
5:45 Loom
14:42 Feudal Age
18:17 Castle Age
17:48 Double-Bit Axe
21:10 Horse Collar
22:20 Wheelbarrow
22:15 Heavy Plow
23:50 Crossbowman
25:27 Fletching
26:25 Thumb Ring
Connection lost

Rejoining the realm…

Still unreachable

The connection could not be restored.

Session expired

The server has moved on; the page needs a fresh start.